 Dungeon Crawl Stone Soup version 0.31.0-11-ge490571c62 (webtiles) character file.

Game seed: 2617720942591646368

112 qw the Skirmisher (level 4, -3/25 HPs)
             Began as a Deep Elf Hunter on Feb 4, 2024.
             Slain by a gnoll
             ... wielding a +0 halberd
              (5 damage)
             ... on level 3 of the Dungeon.
             The game lasted 00:00:06 (1410 turns).

qw the Skirmisher (Deep Elf Hunter)                 Turns: 1410, Time: 00:00:06

Health: -3/25      AC:  5    Str: 10    XL:     4   Next: 63%
Magic:  6/6        EV: 16    Int: 14    God:
Gold:   89         SH:  0    Dex: 18    Spells: 3/3 levels left

rFire   . . .        a - +0 shortbow
rCold   . . .        (shield currently unavailable)
rNeg    . . .        j - +0 ring mail
rPois   .            (no helmet)
rElec   .            (no cloak)
rCorr   .            (no gloves)
SInv    .            (no boots)
Will    .....        k - amulet of the acrobat
Stlth   +            g - +5 ring of evasion
HPRegen 0.24/turn    (no ring)
MPRegen 0.10/turn

%: acrobat
@: no status effects
A: no striking features
a: no special abilities


You were on level 3 of the Dungeon.
You visited 1 branch of the dungeon, and saw 3 of its levels.

You collected 89 gold pieces.


   Skills:
 - Level 1.5 Fighting
 + Level 8.1 Ranged Weapons
 - Level 2.4 Dodging
 - Level 1.2 Stealth


You had 3 spell levels left.
You didn't know any spells.
Your spell library was empty.

Inventory:

Hand Weapons
 a - a +0 shortbow (weapon)
Armour
 j - a +0 ring mail (worn)
Jewellery
 g - a +5 ring of evasion (left hand)
 k - an amulet of the acrobat (around neck)
Wands
 l - a wand of digging (6)
Scrolls
 b - a scroll of immolation {unknown}
 c - a scroll of amnesia {unknown}
Potions
 d - a potion of resistance
 f - a potion of brilliance {unknown}
 h - a potion of curing {unknown}
 i - a potion of attraction {unknown}

Dungeon Overview and Level Annotations

Branches:
Dungeon (3/15)

Altars:

Shops:
D:1 :

Annotations:
D:3 1 transporter


Message History

You shoot an arrow. The arrow barely misses the gnoll.
You shoot an arrow. The arrow barely misses the gnoll.
You shoot an arrow. The arrow completely misses the gnoll.
A gnoll comes into view. It is wielding a +0 halberd.
You shoot an arrow. The gnoll shouts!
The arrow hits the gnoll.
The gnoll is lightly wounded.
You shoot an arrow. The arrow hits the gnoll!
The gnoll is severely wounded.
The gnoll throws a javelin.
The javelin barely misses you. The gnoll closely misses you.
You shoot an arrow.
The arrow hits the gnoll but does no damage.
The gnoll is severely wounded.
The gnoll throws a javelin.
The javelin pierces through you! The gnoll hits you with a +0 whip!
You shoot an arrow. The arrow hits the gnoll.
You kill the gnoll!
Your Ranged Weapons skill increases to level 8!
You shoot an arrow. The arrow hits the gnoll.
The gnoll is heavily wounded.
You shoot an arrow. The arrow barely misses the gnoll.
The gnoll throws a javelin.
The javelin closely misses you.
A gnoll comes into view. It is wielding a +0 spear.
You shoot an arrow. The arrow closely misses the gnoll. x2
The gnoll shouts!
You shoot an arrow. The arrow closely misses the gnoll.
The arrow hits the gnoll but does no damage.
The gnoll throws a javelin.
The javelin pierces through you.
You shoot an arrow.
The arrow hits the gnoll but does no damage.
The gnoll is moderately wounded.
The gnoll throws a javelin.
The javelin pierces through you.
You shoot an arrow. The arrow barely misses the gnoll. x2
The gnoll throws a javelin.
The javelin pierces through you.
You shoot an arrow. The arrow hits the gnoll!
The gnoll is almost dead.
The gnoll hits you from afar with a +0 halberd.
You die...

..# ..# .. ##
######..###.# .#
#....#.......
.###########....<#......
....##......)......g....
..#.##......##....g..#.#
.....)..................
##..............@$..#..
.....#############......
.....# !..#. .....#. ..#
.....#.. .# ..#..#..# #
.....# .. ....^# ##..


You could see 2 gnolls.

Vanquished Creatures
  A gnoll (D:3)
  4 adders
  A dart slug (D:1)
  2 ribbon worms (D:2)
  An orc (D:3)
  4 endoplasms
  3 giant cockroaches (D:1)
  4 goblins
  9 hobgoblins
  5 jackals (D:1)
  4 ball pythons
  6 bats
  A frilled lizard (D:1)
  6 kobolds
  6 rats
57 creatures vanquished.

Notes
Turn   | Place    | Note
-------+----------+-------------------------------------------
     0 | D:1      | qw the Deep Elf Hunter began the quest for the Orb.
     0 | D:1      | Reached XP level 1. HP: 12/12 MP: 3/3
     0 | D:1      | 0 ||| qw: Version: 0.3-a-160-g6735b56
     0 | D:1      | 0 ||| qw: Game counter: 4451
     0 | D:1      | 0 ||| qw: Melee chars always use a shield: true
     0 | D:1      | 0 ||| qw: God list: Okawaru
     0 | D:1      | 0 ||| qw: Allow faded altars: false
     0 | D:1      | 0 ||| qw: Do Orc after clearing Dungeon:15 true
     0 | D:1      | 0 ||| qw: Do second Lair branch before Depths: true
     0 | D:1      | 0 ||| qw: Lair rune preference: random
     0 | D:1      | 0 ||| qw: Goals: Normal
     0 | D:1      | 0 ||| PLANNING D:1-11
    88 | D:1      | Reached XP level 2. HP: 16/16 MP: 4/4
    90 | D:1      | Reached skill level 6 in Ranged Weapons
   317 | D:1      | Reached XP level 3. HP: 20/20 MP: 5/5
   448 | D:1      | Found Luli's Book Shop.
   562 | D:1      | 562 ||| UPGRADING to +0 ring mail.
   572 | D:1      | 572 ||| DROPPING +0 leather armour.
   573 | D:1      | 573 ||| UPGRADING to amulet of the acrobat.
   578 | D:1      | 578 ||| UPGRADING to +5 ring of evasion.
   579 | D:1      | 579 ||| DROPPING scroll of butterflies.
   612 | D:2      | Reached skill level 7 in Ranged Weapons
   897 | D:2      | Reached XP level 4. HP: 25/25 MP: 6/6
  1255 | D:2      | 1255 ||| READING 2 scrolls labelled LOC ATWEDUZY.
  1255 | D:2      | 1255 ||| IDENTIFYING fizzy inky potion
  1256 | D:2      | 1256 ||| READING scroll of identify.
  1256 | D:2      | 1256 ||| IDENTIFYING metallic blue potion
  1257 | D:2      | 1257 ||| READING scroll labelled SAFUPHEL WUSER.
  1258 | D:2      | 1258 ||| DROPPING potion of lignification.
  1364 | D:3      | Found a transporter.
  1404 | D:3      | Reached skill level 8 in Ranged Weapons
  1408 | D:3      | HP: 3/25 [gnoll/javelin (5)]
  1410 | D:3      | Slain by a gnoll

Levels and vault maps discovered:
D:1:      dpeg_arrival_tiny_c, layout_loops_ring, serial_shops, shop
D:2:      layout_loops_cross
D:3:      layout_basic, gammafunk_ghost_mausoleum

Skill      XL: |  1  2  3  4 |
---------------+-------------+-----
Ranged Weapons | 6 7 8 |  8.1
Fighting       | |  1.5
Dodging        | |  2.4
Stealth        | |  1.2

Action                     |  1- 3 |  4- 6 || total
---------------------------+-------+-------++-------
   Fire: Shortbow          |   120 |    46 ||   166
    Use: Scroll            |       |     3 ||     3
 Armour: Leather armour    |    16 |       ||    16
         Ring mail         |    10 |     6 ||    16
  Dodge: Dodged            |    38 |     3 ||    41

Table legend:
 A = Non-vault XP
 B = Vault XP
 C = Vault XP percentage of total XP
 D = Non-vault monster count
 E = Vault monster count
 F = Vault count percentage of total count
                 A         B        C        D         E       F
            +---------+---------+-------+---------+---------+-------
      Total |     160 |       0 |   0.0 |      57 |       0 |   0.0
            +---------+---------+-------+---------+---------+-------
        D:1 |      48 |       0 |   0.0 |      28 |       0 |   0.0
        D:2 |      56 |       0 |   0.0 |      18 |       0 |   0.0
        D:3 |      56 |       0 |   0.0 |      11 |       0 |   0.0
            +---------+---------+-------+---------+---------+-------
